 Dungeon Crawl Stone Soup version 0.22-a0-166-g5351223 (webtiles) character file.

5623 Amnesiac the Slicer (level 10, -11/69 HPs)
             Began as a Demigod Earth Elementalist on Feb 13, 2018.
             Mangled by an orc warrior
             ... wielding a +0 war axe
              (18 damage)
             ... on level 9 of the Dungeon.
             The game lasted 00:15:33 (9203 turns).

Amnesiac the Slicer (Demigod Earth Elementalist)    Turns: 9203, Time: 00:15:34

Health: -11/69     AC:  8    Str:  9    XL:     10   Next: 22%
Magic:  4/18       EV: 10    Int: 25    God:
Gold:   198        SH:  0    Dex: 16    Spells: 3/15 levels left

rFire    . . .     SeeInvis +   a - +2 dagger (holy)
rCold    . . .     Gourm    +   (no shield)
rNeg     . . .     Faith    .   J - +1 ring mail of Absence {+Fly rElec Str-2 SInv} (curse)
rPois    .         Spirit   .   (no helmet)
rElec    +         Reflect  .   C - +0 cloak
rCorr    .         Harm     .   G - +0 pair of gloves
MR       ++...                  (no boots)
Stlth    +.........             F - amulet of the gourmand
HPRegen  0.21/turn              P - ring of protection from magic
MPRegen  0.16/turn              K - ring of wizardry

@: lethally poisoned (-11 -> -15), very slow
A: high mp 1
a: Evoke Flight


You were on level 9 of the Dungeon.
You were very full.

You visited 1 branch of the dungeon, and saw 9 of its levels.

You collected 394 gold pieces.
You spent 196 gold pieces at shops.

Inventory:

Hand Weapons
 a - a +2 dagger of holy wrath (weapon)
 b - a +0 blowgun
Missiles
 t - 15 poisoned needles
 y - 93 stones (quivered)
 T - a throwing net
Armour
 v - a +2 leather armour of magic resistance
 C - a +0 cloak (worn)
 G - a +0 pair of gloves (worn)
 I - a +0 leather armour of poison resistance
 J - the cursed +1 ring mail of Absence (worn) {+Fly rElec Str-2 SInv}
   (You found it on level 6 of the Dungeon)

   It affects your strength (-2).
   It insulates you from electricity.
   It lets you see invisible.
   It lets you fly.
   It has a curse placed upon it.
 O - a +2 robe of fire resistance
 R - a +0 shield
 S - a +0 buckler
Jewellery
 k - an uncursed ring of flight
 u - an uncursed ring of fire
 w - an uncursed ring of ice
 F - an amulet of the gourmand (around neck)
 K - a ring of wizardry (right hand)
 P - a ring of protection from magic (left hand)
 Q - an uncursed ring of poison resistance {unknown}
 U - an uncursed ring of magical power {unknown}
Wands
 N - a wand of paralysis (18)
Scrolls
 c - a scroll of random uselessness {!r, unknown}
 f - 7 scrolls of enchant weapon {!r, unknown}
 h - 3 scrolls of teleportation {!r}
 i - 5 scrolls of immolation {!r, unknown}
 n - 2 scrolls of noise {!r, unknown}
 o - 4 scrolls of fog {!r}
 p - 5 scrolls of fear {!r}
 q - 12 scrolls of identify {!r}
 x - 4 scrolls of amnesia {!r}
 z - a scroll of blinking {!r, unknown}
 A - a scroll of remove curse {!r, unknown}
 D - 2 scrolls of magic mapping {!r, unknown}
 M - a scroll of acquirement {!r, unknown}
Potions
 g - 2 potions of mutation {!q, unknown}
 j - 3 potions of cancellation {!q, unknown}
 l - 2 potions of curing {!q, unknown}
 m - 3 potions of lignification {!q, unknown}
 s - 3 potions of brilliance {!q, unknown}
 B - 2 potions of flight {!q, unknown}
 E - a potion of ambrosia {!q, unknown}
 H - a potion of berserk rage {!q, unknown}
 L - a potion of might {!q, unknown}
Books
 e - a book of Geomancy

   Spells                             Type                      Level
   a - Sandblast                      Earth                        1
   b - Passwall                       Transmutation/Earth          2
   c - Stone Arrow                    Conjuration/Earth            3
   d - Petrify                        Transmutation/Earth          4
   e - Lee's Rapid Deconstruction     Earth                        5
 r - a book of Conjurations

   Spells                             Type                      Level
   a - Magic Dart                     Conjuration                  1
   b - Searing Ray                    Conjuration                  2
   c - Dazzling Spray                 Conjuration/Hexes            3
   d - Fulminant Prism                Conjuration/Hexes            4
   e - Force Lance                    Conjuration/Translocation    4
   f - Iskenderun's Mystic Blast      Conjuration                  4
Comestibles
 d - 11 rations


   Skills:
 - Level 11.0 Short Blades
 - Level 1.7 Dodging
 - Level 4.0 Stealth
 - Level 3.0 Spellcasting
 + Level 5.9 Transmutations
 - Level 6.0 Earth Magic


You had 3 spell levels left.
You knew the following spells:

 Your Spells              Type           Power        Failure   Level  Hunger
a - Sandblast             Erth           ####..       1%          1    None
b - Passwall              Tmut/Erth      ####......   1%          2    ##.....
d - Lee's Rapid Deconstr  Erth           ####......   26%         5    ######.
e - Petrify               Tmut/Erth      ####....     10%         4    ####...


Dungeon Overview and Level Annotations

Branches:
Dungeon (9/15)             Temple (0/1) D:7
   Lair: D:8-11         Orc: D:9-12

Shops:
D:4 ?

Portals:
Bailey: D:9


Innate Abilities, Weirdness & Mutations

You have an increased reservoir of magic. (+10% MP)


Message History

You kill the worker ant!
y - 93 stones
Casting: Sandblast (safe; 1% risk of failure)
Confirm with . or Enter, or press ? or * to list all spells.
Aiming: Petrify (safe; 10% risk of failure)
Press: ? - help, Shift-Dir - straight line, f - orc warrior
Aim: an orc warrior, wielding a war axe and wearing a plate armour (chance to defeat MR: 62%)
The orc warrior resists with significant effort.
The orc warrior hits you with a war axe!!
Casting: Petrify (safe; 10% risk of failure)
Confirm with . or Enter, or press ? or * to list all spells.
You don't have enough magic to cast that spell.
You open the door.
A worker ant and an orc priest come into view.
The orc warrior misses you.
Found 16 gold pieces.
A goblin and an orc come into view.
The orc shouts!
You hear a shout!
The orc priest shouts!
The worker ant twitches its antennae in your direction.
There is an open door here.
The orc priest hits you with a hand axe.
Found a flagged portal.
An adder skeleton comes into view.
Okay, then.
The orc priest barely misses you. The orc hits you but does no damage.
An ice beast comes into view.
You closely miss the worker ant.
The orc warrior hits you with a war axe.
Unknown command.
The worker ant barely misses you.
The orc priest hits you but does no damage.
The worker ant barely misses you.
The adder skeleton bites you but does no damage.
The goblin hits you but does no damage. The worker ant closely misses you.
The adder skeleton closely misses you. The goblin hits you but does no damage.
The orc priest mumbles some strange prayers to Beogh against you.
Beogh smites you!
* * * LOW HITPOINT WARNING * * *
You see here an encrusted iron ring.
U - an encrusted iron ring The adder skeleton bites you but does no damage.
The goblin hits you from afar with a spear.
* * * LOW HITPOINT WARNING * * *
The worker ant bites you!
* * * LOW HITPOINT WARNING * * *
You are poisoned.
The worker ant poisons you! The goblin hits you but does no damage.
The goblin hits you from afar with a spear.
* * * LOW HITPOINT WARNING * * *
The orc closely misses you.
The ice beast hits you but does no damage.
The adder skeleton bites you.
* * * LOW HITPOINT WARNING * * *
You feel sick. The worker ant barely misses you.
The goblin hits you but does no damage. x2
The goblin hits you from afar with a spear.
* * * LOW HITPOINT WARNING * * *
The ice beast barely misses you.
Found a scroll labeled FILUNO OCOLEOMIR.
You enter the shallow water.
Moving in this stuff is going to be slow.
You feel sick.
The orc warrior hits you with a war axe!!
You die...

###### #######.$..#
#<....'....+
##.####.o..########
#.## #..gZ........
#..###.og.o..####
##.)...ogaY..###
#.(≈≈≈≈@≈≈.....?
#..≈##.##≈.......
##.≈#...#≈.......
#.≈#.∩.#≈.......
#.≈#.. #≈..#####
#.≈### #≈..# #.≈≈
≈..# #...


You could see an orc warrior, an ice beast, a worker ant, an orc priest, 2 orcs,
3 goblins and an adder skeleton.

Vanquished Creatures
  A two-headed ogre (D:5)
  The ghost of Borgoz the Skirmisher, a novice MiFi of the Shining One (D:7)
  A flayed ghost (D:8)
  Pikel (D:7)
  Grinder (D:3)
  A blink frog (shapeshifter) (D:8)
  Sigmund (D:3)
  A water moccasin (D:6)
  An orc warrior (D:6)
  2 sky beasts
  3 slaves (D:7)
  A necrophage (D:8)
  2 centaurs
  3 ogres
  A gnoll sergeant (D:8)
  Blork the orc (D:5)
  3 bullfrogs
  A wyvern skeleton (D:6)
  A scorpion (D:4)
  A wight (D:7)
  A howler monkey (D:5)
  3 crimson imps
  2 bullfrog zombies
  A centaur zombie (D:5)
  2 centaur skeletons
  3 hounds
  Crazy Yiuf (D:3)
  A gnoll shaman (D:7)
  8 orc priests
  A jelly (D:7)
  7 orc wizards
  2 bullfrog skeletons
  9 worker ants
  The ghost of Amnesiac the Digger, a weakling SpEE (D:4)
  2 hound skeletons
  A howler monkey zombie (D:8)
  A howler monkey skeleton (D:7)
  2 worker ant zombies (D:8)
  22 gnolls
  7 adders
  2 shadow imps
  An ooze (D:5)
  An adder zombie (D:3)
  2 adder skeletons (D:6)
  2 worms
  A dart slug (D:1)
  4 leopard geckos
  14 orcs
  4 bats
  4 giant cockroaches
  8 goblins
  6 hobgoblins
  3 jackals (D:4)
  7 kobolds
  5 quokkas
  3 ball pythons
  4 frilled lizards
  2 jackal skeletons
  6 rats
184 creatures vanquished.

Vanquished Creatures (others)
  A slave (D:7)
  A wight (D:7)
2 creatures vanquished.

Grand Total: 186 creatures vanquished

Notes
Turn   | Place    | Note
-------+----------+-------------------------------------------
     0 | D:1      | Amnesiac the Demigod Earth Elementalist began the quest for the Orb.
     0 | D:1      | Reached XP level 1. HP: 14/14 MP: 5/5
   301 | D:2      | Reached XP level 2. HP: 20/20 MP: 7/7
   861 | D:1      | Reached XP level 3. HP: 21/26 MP: 1/8
  1463 | D:3      | Noticed Grinder
  1472 | D:3      | Killed Grinder
  1472 | D:3      | Reached skill level 5 in Earth Magic
  1472 | D:3      | Reached XP level 4. HP: 18/33 MP: 3/9
  1472 | D:3      | Reached XP level 5. HP: 21/38 MP: 3/10
  1940 | D:3      | Reached skill level 1 in Short Blades
  2061 | D:3      | Reached XP level 6. HP: 45/45 MP: 12/12
  2258 | D:3      | Found a runed door.
  2401 | D:3      | Found a shadowy altar of Dithmenos.
  2429 | D:3      | Noticed Sigmund
  2495 | D:3      | Learned a level 2 spell: Passwall
  2499 | D:3      | Killed Sigmund
  2499 | D:3      | Reached skill level 3 in Short Blades
  2711 | D:3      | Noticed Crazy Yiuf
  3174 | D:3      | Found a shadowy altar of Dithmenos.
  3524 | D:4      | Found an ancient bone altar of Kikubaaqudgha.
  3604 | D:4      | Found Fugulac's Magic Scroll Boutique.
  3620 | D:4      | Bought a scroll of teleportation for 42 gold pieces
  3620 | D:4      | Bought a scroll of identify for 28 gold pieces
  3620 | D:4      | Bought a scroll of fog for 28 gold pieces
  3738 | D:4      | Learned a level 4 spell: Petrify
  3754 | D:4      | Reached XP level 7. HP: 35/50 MP: 10/13
  3755 | D:4      | Reached skill level 1 in Transmutations
  3863 | D:4      | Found a glowing golden altar of the Shining One.
  3864 | D:4      | Noticed Amnesiac's ghost (weakling SpEE)
  3868 | D:4      | Killed Amnesiac's ghost
  3959 | D:4      | Found a sparkling altar of Nemelex Xobeh.
  3988 | D:4      | Found a radiant altar of Vehumet.
  4042 | D:4      | Found a hazy altar of Hepliaklqana.
  4043 | D:4      | Found a sacrificial altar of Ru.
  4754 | D:3      | Found a shadowy altar of Dithmenos.
  4908 | D:3      | Killed Crazy Yiuf
  5235 | D:5      | Entered Level 5 of the Dungeon
  5331 | D:5      | Found an ornate altar of the Wu Jian Council.
  5565 | D:5      | Found a deep blue altar of Sif Muna.
  5571 | D:5      | Reached skill level 4 in Short Blades
  5607 | D:5      | Noticed Blork the orc
  5615 | D:5      | Killed Blork the orc
  5615 | D:5      | Reached XP level 8. HP: 57/57 MP: 7/15
  5719 | D:5      | Reached skill level 5 in Short Blades
  6377 | D:5      | Noticed a two-headed ogre
  6433 | D:4      | Bought a scroll of amnesia for 49 gold pieces
  6433 | D:4      | Bought a scroll of fear for 49 gold pieces
  6521 | D:5      | Found a snail-covered altar of Cheibriados.
  6604 | D:5      | Killed a two-headed ogre
  6604 | D:5      | Reached skill level 7 in Short Blades
  6647 | D:6      | Got a faintly humming ring mail
  6681 | D:6      | Learned a level 5 spell: Lee's Rapid Deconstruction
  6786 | D:6      | Reached skill level 8 in Short Blades
  6867 | D:6      | Found a white marble altar of Elyvilon.
  6945 | D:6      | Reached XP level 9. HP: 35/62 MP: 10/16
  7208 | D:6      | Found a bloodstained altar of Trog.
  7373 | D:6      | Found a stormy altar of Qazlal.
  7387 | D:6      | Identified the cursed +1 ring mail of Absence {+Fly rElec Str-2 SInv} (You found it on level 6 of the Dungeon)
  7443 | D:7      | Reached skill level 9 in Short Blades
  7606 | D:7      | Noticed Pikel
  7612 | D:7      | Killed Pikel
  7612 | D:7      | Reached skill level 10 in Short Blades
  7682 | D:7      | Found a staircase to the Ecumenical Temple.
  7836 | D:7      | Noticed Borgoz's ghost (novice MiFi)
  8412 | D:7      | Killed Borgoz's ghost
  8461 | D:8      | Reached skill level 11 in Short Blades
  8489 | D:8      | Found a shimmering altar of Xom.
  8645 | D:8      | Reached XP level 10. HP: 60/69 MP: 6/18
  8870 | D:8      | Found an opulent altar of Gozag.
  8870 | D:8      | Found a glowing silver altar of Zin.
  9041 | D:8      | Found a runed door.
  9041 | D:8      | Noticed a catoblepas
  9041 | D:8      | Noticed a deep elf archer
  9041 | D:8      | Noticed a cyclops
  9043 | D:8      | Noticed a glowing orange brain
  9043 | D:8      | Noticed a flayed ghost
  9144 | D:8      | Killed a flayed ghost
  9144 | D:8      | Reached skill level 5 in Transmutations
  9195 | D:9      | Found a flagged portal.
  9203 | D:9      | Mangled by an orc warrior

Vault maps used:
D:1:      giann_forest_graveyard
D:3:      grunt_dithmenos_smoke, minmay_joined_circles, uniq_grinder,
          uniq_sigmund, uniq_crazy_yiuf_cottage
D:4:      nicolae_overflow_crystal_walls, lemuel_crystal_altar,
          nemelex_xobeh_ov_fountains_minmay, gammafunk_temple_overflow_pools,
          serial_shops, shop, first_ration, tso_altar
D:5:      lemuel_crystal_altar, lemuel_coloured_pillars_altar, basic_altar,
          uniq_blork_the_orc
D:6:      kennysheep_little_box, lemuel_crystal_altar, kennysheep_mini
D:7:      minmay_temple_entry_poolview, uniq_pikel
D:8:      minmay_gate_of_8, grunt_temple_overflow_gold_and_silver,
          xom_teletrap_fun
D:9:      lemuel_round_altar, enter_bailey_3

Skill      XL: |  1  2  3  4  5  6  7  8  9 10 |
---------------+-------------------------------+-----
Spellcasting   | 2 3 |  3.0
Earth Magic    | 3 5 6 |  6.0
Short Blades   | 1 3 4 8 11 | 11.0
Stealth        | 2 3 4 |  4.0
Transmutations | 3 5 |  5.9
Dodging        | |  1.7

Action                   |  1- 3 |  4- 6 |  7- 9 | 10-12 || total
-------------------------+-------+-------+-------+-------++-------
Melee: Unarmed           |     3 |       |       |       ||     3
       Dagger            |    36 |    77 |   140 |     5 ||   258
 Cast: Sandblast         |    23 |    22 |   159 |    37 ||   241
       Passwall          |       |     1 |     2 |       ||     3
       Petrify           |       |       |     7 |     1 ||     8
       Lee's Rapid Decon |       |       |     4 |     3 ||     7
Evoke: Wand              |       |       |     1 |       ||     1
 Stab: Sleeping          |     8 |    10 |     6 |       ||    24
       Petrified         |       |       |     6 |       ||     6
       Petrifying        |       |       |     4 |       ||     4
       Distracted        |       |       |     4 |       ||     4
       Paralysed         |       |       |     1 |       ||     1
  Eat: Chunk             |     2 |     4 |    23 |       ||    29
       Ration            |       |     1 |     2 |       ||     3
Armor: Robe              |     5 |     9 |       |       ||    14
       Leather armour    |       |    13 |    20 |       ||    33
       Ring mail         |       |       |    20 |    14 ||    34
Dodge: Dodged            |    24 |    49 |    91 |    19 ||   183

Table legend:
 A = Spawn XP
 B = Non-spawn XP
 C = Spawn XP percentage of total XP
 D = Spawn monster count
 E = Non-spawn monster count
 F = Spawn count percentage of total count
 G = Total turns spent on level
                    A         B        C        D         E        F      G
               +---------+---------+-------+---------+---------+-------+---------
         Total |       0 |    8034 |   0.0 |       0 |     181 |   0.0 |  9203
               +---------+---------+-------+---------+---------+-------+---------
           D:1 |       0 |      39 |   0.0 |       0 |      15 |   0.0 |   694
           D:2 |       0 |      37 |   0.0 |       0 |      12 |   0.0 |   765
           D:3 |       0 |     676 |   0.0 |       0 |      32 |   0.0 |  2641
           D:4 |       0 |     328 |   0.0 |       0 |      13 |   0.0 |  1186
           D:5 |       0 |    1863 |   0.0 |       0 |      27 |   0.0 |  1337
           D:6 |       0 |     808 |   0.0 |       0 |      22 |   0.0 |  1228
           D:7 |       0 |    2269 |   0.0 |       0 |      27 |   0.0 |   590
           D:8 |       0 |    1980 |   0.0 |       0 |      31 |   0.0 |   732
           D:9 |       0 |      34 |   0.0 |       0 |       2 |   0.0 |    30
               +---------+---------+-------+---------+---------+-------+---------
